AoeStats
← Fluvialgeomorphologist

Black Forest

505381452Analyzed
3v3 RM · 23d ago on Sep 9, 2026· 49m 10s· 6 players
Game mode
Random Map
Map size
Normal (6 player)
Population
200
Speed
Normal
Resources
Standard
Victory
Conquest
Starting age
Dark Age
Ending age
Imperial Age
RankedLock teamsTeams togetherTeam positionsShared explorationLock speedFull tech treeHidden civsTurbo modeCheats
Victory
Defeat
🇨🇴 Khmer · Colombia
912
+10
🇲🇽 Hindustanis · Mexico
887
+11
🇺🇸 Bohemians · United States
861
+12
🇺🇸 Khmer · United States
877
-15
🇺🇸 Celts · United States
767
-11
🇺🇸 Celts · United States
664
-7
Fluvialgeomorphologist
1:07 Loom
12:34 Feudal Age
17:12 Castle Age
16:55 Double-Bit Axe
16:55 Horse Collar
20:10 Heavy Plow
20:28 Fervor
23:35 Bow Saw
25:08 Wheelbarrow
27:22 Hand Cart
32:42 Imperial Age
32:07 Chemistry
31:56 Forging
31:47 Scale Mail Armor
31:53 Scale Barding Armor
31:49 Padded Archer Armor
31:39 Fletching
32:13 Ballistics
33:58 Houfnice
35:56 Iron Casting
35:37 Chain Mail Armor
35:25 Squires
35:17 Pikeman
36:12 Husbandry
35:33 Light Cavalry
36:32 Onager
37:52 Caravan
39:11 Halberdier
40:50 Conscription
39:56 Elite Skirmisher
42:28 Blast Furnace
41:58 Plate Mail Armor
40:56 Elite Hussite Wagon
42:24 Siege Engineers
43:22 Wagenburg Tactics
43:44 Leather Archer Armor
43:24 Bodkin Arrow
BearKing89
0:28 Loom
11:47 Feudal Age
16:50 Castle Age
16:12 Double-Bit Axe
19:56 Horse Collar
20:30 Bow Saw
22:01 Heavy Plow
23:28 Stone Mining
23:29 Gold Mining
26:30 Stone Shaft Mining
26:34 Gold Shaft Mining
27:10 Wheelbarrow
27:23 Caravan
28:51 Ballistics
29:22 Hand Cart
32:46 Imperial Age
30:29 Forging
30:25 Scale Barding Armor
31:52 Iron Casting
31:47 Masonry
33:08 Bloodlines
32:58 Husbandry
33:43 Coinage
34:40 Chemistry
33:02 Heavy Camel Rider
33:03 Light Cavalry
34:06 Chain Barding Armor
34:47 Blast Furnace
34:55 Two-Man Saw
34:54 Siege Engineers
34:51 Murder Holes
36:04 Conscription
35:48 Grand Trunk Road
35:49 Shatagni
36:25 Hoardings
35:54 Imperial Camel Rider
35:55 Hussar
37:27 Plate Barding Armor
38:13 Padded Archer Armor
42:31 Thumb Ring
44:25 Leather Archer Armor
Judaaf
8:10 Loom
11:57 Feudal Age
12:26 Double-Bit Axe
12:45 Fishing Lines
13:48 Horse Collar
19:31 Castle Age
17:41 Gold Mining
18:10 Stone Mining
20:28 Wheelbarrow
19:38 Town Watch
20:22 Heavy Plow
20:35 Bow Saw
20:20 Gillnets
25:20 Hand Cart
28:55 Imperial Age
27:15 Town Patrol
28:45 Caravan
29:49 Devotion
30:38 Stone Shaft Mining
30:39 Gold Shaft Mining
31:35 Conscription
33:01 Double Crossbow
32:47 Elite Ballista Elephant
36:39 Scale Barding Armor
36:46 Forging
37:42 Chain Barding Armor
38:45 Chemistry
40:11 Plate Barding Armor
40:13 Iron Casting
46:05 Faith
Sir Knight 999
11:39 Feudal Age
16:19 Castle Age
15:42 Loom
24:16 Double-Bit Axe
24:14 Horse Collar
26:09 Bow Saw
26:26 Heavy Plow
29:56 Imperial Age
29:03 Wheelbarrow
28:14 Town Watch
31:55 Scale Barding Armor
32:53 Chemistry
32:02 Double Crossbow
32:23 Conscription
32:32 Ballistics
32:58 Hand Cart
32:44 Town Patrol
33:24 Chain Barding Armor
33:26 Caravan
36:36 Fortified Wall
37:03 Plate Barding Armor
35:53 Elite Ballista Elephant
36:49 Bloodlines
36:39 Husbandry
37:27 Crop Rotation
38:21 Scale Mail Armor
38:31 Forging
38:28 Siege Engineers
JP Captain
0:28 Loom
14:35 Feudal Age
20:11 Castle Age
18:42 Stone Mining
19:52 Gold Mining
23:03 Horse Collar
23:46 Double-Bit Axe
27:07 Heavy Plow
29:23 Gold Shaft Mining
30:44 Wheelbarrow
35:43 Imperial Age
33:48 Pikeman
35:34 Hand Cart
35:37 Caravan
36:50 Scale Mail Armor
37:01 Forging
37:48 Conscription
37:40 Halberdier
41:29 Heavy Scorpion
41:30 Onager
SafariMan252
4:21 Loom
17:11 Feudal Age
22:22 Castle Age
21:28 Double-Bit Axe
21:35 Horse Collar
21:58 Stone Mining
22:22 Gold Mining
24:18 Bow Saw
26:56 Heavy Plow
39:53 Imperial Age
38:00 Ballistics
38:36 Caravan
41:09 Forging
40:59 Scale Mail Armor
42:06 Chemistry
41:12 Siege Engineers
41:15 Pikeman
41:16 Man-at-Arms
41:41 Gambesons
41:42 Arson
42:51 Furor Celtica
42:05 Heavy Scorpion
44:18 Conscription
43:51 Stronghold
44:07 Murder Holes
Connection lost

Rejoining the realm…

Still unreachable

The connection could not be restored.

Session expired

The server has moved on; the page needs a fresh start.